General information
			
			
        
        - name: BNet
 
        - type: Ladder team game (AT/RT)
 
        - host: Battle.net
 
        - saver: TALONSAREIMBA
 
        
map: DragonFalls 
        - players: 8
 
        - length: 17:34
 
        - speed: Fast
 - version: 1.22 W3XP
 - replay type:  Public
 
» download(159 KB)
Players
        team 1 (winner) 
              
              
Iceberg-Slim (
orange | 140 APM | 2466 actions | 17:33)
              
 3 Keeper of the Grove 
 2 Entangling Roots
 1 Force of Nature
 2 Priestess of the Moon 
 1 Trueshot Aura
 1 Searing Arrows
 
                » actions 
                
                | Assign group hotkey | 17 |  | 
| Basic commands | 117 |  | 
| Build / train | 56 |  | 
| ESC pressed | 6 |  | 
| Enter build submenu | 14 |  | 
| Enter hero's abilities submenu | 5 |  | 
| Give item / drop item | 1 |  | 
| Right click | 1238 |  | 
| Select / deselect | 296 |  | 
| Select group hotkey | 665 |  | 
| Use ability | 51 |  | 
                2466 total
 » units 
                » upgrades
                
                | Abolish Magic | 1 |  | 
| Strength of the Wild | 2 |  | 
                3 total
 » buildings
                
                | Altar of Elders | 1 |  | 
| Moon Well | 6 |  | 
| Hunter's Hall | 1 |  | 
| Ancient of War | 1 |  | 
| Ancient of Wonders | 1 |  | 
| Tree of Ages | 1 |  | 
| Ancient of Lore | 2 |  | 
| Tree of Life | 2 |  | 
| Tree of Eternity | 1 |  | 
                16 total
 » build order
                00:05 Altar of Elders
00:19 Moon Well
01:37 Hunter's Hall
01:42 Ancient of War
01:56 Moon Well
02:17 Ancient of Wonders
04:10 Tree of Ages
04:17 Moon Well
05:22 Moon Well
06:45 Ancient of Lore
06:47 Ancient of Lore
07:27 Moon Well
07:44 Tree of Life
11:18 Tree of Eternity
12:40 Tree of Life
17:23 Moon Well
» items
                
                | Lesser Clarity Potion | 2 |  | 
| Dust of Appearance | 1 |  | 
| Scroll of Town Portal | 2 |  | 
| Staff of Teleportation | 1 |  | 
| Orb of Venom | 1 |  | 
                7 total
  
               
              
              
TALONSAREIMBA (
green | 90 APM | 1588 actions | 17:34)
              
 4 Death Knight 
 2 Death Coil
 2 Unholy Aura
 1 Lich 
 1 Frost Nova
 1 Dreadlord 
 1 Sleep
 
                » actions 
                
                | Assign group hotkey | 19 |  | 
| Basic commands | 127 |  | 
| Build / train | 45 |  | 
| ESC pressed | 2 |  | 
| Enter build submenu | 13 |  | 
| Enter hero's abilities submenu | 6 |  | 
| Right click | 736 |  | 
| Select / deselect | 251 |  | 
| Select group hotkey | 317 |  | 
| Use ability | 71 |  | 
                1588 total
 » units 
                
                | Acolyte | 7 |  | 
| Ghoul | 4 |  | 
| Crypt Fiend | 8 |  | 
| Frost Wyrm | 2 |  | 
                21 total
 » upgrades
                » buildings
                
                | Crypt | 1 |  | 
| Graveyard | 1 |  | 
| Altar of Darkness | 1 |  | 
| Ziggurat | 5 |  | 
| Tomb of Relics | 1 |  | 
| Spirit Tower | 5 |  | 
| Halls of the Dead | 1 |  | 
| Black Citadel | 1 |  | 
| Sacrificial Pit | 1 |  | 
| Boneyard | 1 |  | 
                18 total
 » build order
                00:07 Crypt
00:19 Graveyard
00:31 Altar of Darkness
00:51 Ziggurat
01:16 Tomb of Relics
01:53 Ziggurat
06:04 Spirit Tower
06:13 Spirit Tower
06:13 Spirit Tower
06:23 Ziggurat
06:55 Halls of the Dead
07:19 Spirit Tower
07:33 Ziggurat
08:29 Spirit Tower
11:02 Black Citadel
12:39 Sacrificial Pit
13:15 Ziggurat
14:27 Boneyard
» items
                
                | Rod of Necromancy | 3 |  | 
| Potion of Mana | 2 |  | 
| Scroll of Town Portal | 1 |  | 
                6 total
  
               
              
              
» 
TIMG4STRok (
yellow | 90 APM | 1576 actions | 17:33)
              
 4 Blademaster 
 3 Wind Walk
 1 Critical Strike
 
                » actions 
                
                | Assign group hotkey | 13 |  | 
| Basic commands | 30 |  | 
| Build / train | 46 |  | 
| ESC pressed | 4 |  | 
| Enter build submenu | 18 |  | 
| Enter hero's abilities submenu | 4 |  | 
| Give item / drop item | 1 |  | 
| Right click | 818 |  | 
| Select / deselect | 145 |  | 
| Select group hotkey | 443 |  | 
| Use ability | 54 |  | 
                1576 total
 » units 
                » upgrades
                
                | Ranged Weapons | 2 |  | 
| Reinforced Defenses | 1 |  | 
| Liquid Fire | 1 |  | 
| Armor | 1 |  | 
                5 total
 » buildings
                
                | Altar of Storms | 1 |  | 
| Orc Burrow | 4 |  | 
| Voodoo Lounge | 1 |  | 
| War Mill | 1 |  | 
| Stronghold | 1 |  | 
| Watch Tower | 7 |  | 
| Great Hall | 2 |  | 
| Beastiary | 2 |  | 
| Fortress | 2 |  | 
                21 total
 » build order
                00:03 Altar of Storms
00:24 Orc Burrow
01:34 Voodoo Lounge
02:35 War Mill
02:43 Stronghold
04:25 Watch Tower
04:26 Watch Tower
04:27 Watch Tower
04:28 Watch Tower
04:36 Great Hall
05:08 Beastiary
05:32 Beastiary
05:42 Orc Burrow
06:10 Watch Tower
06:31 Watch Tower
06:32 Watch Tower
08:36 Fortress
09:28 Orc Burrow
09:29 Orc Burrow
11:03 Great Hall
» items
                
                | Lesser Clarity Potion | 3 |  | 
| Healing Salve | 1 |  | 
| Potion of Healing | 2 |  | 
| Orb of Lightning | 1 |  | 
                7 total
  
               
              
              
TUJD.HK-D) (
red | 92 APM | 1612 actions | 17:33)
              
 4 Death Knight 
 2 Death Coil
 1 Unholy Aura
 1 Death Pact
 3 Pit Lord 
 1 Howl of Terror
 2 Rain of Fire
 2 Pandaren Brewmaster 
 1 Breath of Fire
 1 Drunken Haze
 
                » actions 
                
                | Assign group hotkey | 31 |  | 
| Basic commands | 8 |  | 
| Build / train | 55 |  | 
| ESC pressed | 4 |  | 
| Enter build submenu | 24 |  | 
| Enter hero's abilities submenu | 9 |  | 
| Give item / drop item | 2 |  | 
| Remove unit from queue | 1 |  | 
| Right click | 554 |  | 
| Select / deselect | 251 |  | 
| Select group hotkey | 603 |  | 
| Use ability | 70 |  | 
                1612 total
 » units 
                
                | Acolyte | 10 |  | 
| Ghoul | 4 |  | 
| Frost Wyrm | 10 |  | 
                24 total
 » upgrades
                
                | Creature Carapace | 3 |  | 
| Creature Attack | 3 |  | 
| Freezing Breath | 1 |  | 
                7 total
 » buildings
                
                | Crypt | 1 |  | 
| Altar of Darkness | 1 |  | 
| Ziggurat | 5 |  | 
| Graveyard | 1 |  | 
| Halls of the Dead | 1 |  | 
| Necropolis | 2 |  | 
| Nerubian Tower | 1 |  | 
| Black Citadel | 1 |  | 
| Sacrificial Pit | 1 |  | 
| Spirit Tower | 1 |  | 
| Boneyard | 3 |  | 
                18 total
 » build order
                00:10 Crypt
00:31 Altar of Darkness
00:47 Ziggurat
01:34 Graveyard
02:20 Halls of the Dead
02:49 Necropolis
03:41 Nerubian Tower
03:55 Necropolis
04:17 Ziggurat
04:43 Black Citadel
06:05 Sacrificial Pit
06:09 Spirit Tower
07:06 Boneyard
07:09 Boneyard
07:11 Boneyard
07:33 Ziggurat
07:37 Ziggurat
10:06 Ziggurat
» items
                
                | Potion of Healing | 1 |  | 
| Boots of Speed | 1 |  | 
| Scroll of Protection | 1 |  | 
| Scroll of Healing | 2 |  | 
| Potion of Lesser Invulnerability | 1 |  | 
| Scroll of Town Portal | 1 |  | 
                7 total
  
               team 2 (loser) 
              
              
Drop.Acid (
pink | 65 APM | 1148 actions | 17:32)
              
 2 Pandaren Brewmaster 
 1 Breath of Fire
 1 Drunken Brawler
 
                » actions 
                
                | Assign group hotkey | 14 |  | 
| Basic commands | 128 |  | 
| Build / train | 40 |  | 
| ESC pressed | 2 |  | 
| Enter build submenu | 13 |  | 
| Enter hero's abilities submenu | 2 |  | 
| Right click | 375 |  | 
| Select / deselect | 211 |  | 
| Select group hotkey | 294 |  | 
| Use ability | 69 |  | 
                1148 total
 » units 
                » buildings
                
                | Altar of Elders | 1 |  | 
| Moon Well | 4 |  | 
| Hunter's Hall | 1 |  | 
| Ancient of War | 2 |  | 
| Tree of Ages | 1 |  | 
| Tree of Life | 1 |  | 
| Ancient of Lore | 3 |  | 
                13 total
 » build order
                00:13 Altar of Elders
00:18 Moon Well
01:32 Hunter's Hall
01:55 Ancient of War
02:10 Moon Well
02:37 Ancient of War
03:17 Moon Well
03:56 Moon Well
07:33 Tree of Ages
09:15 Tree of Life
10:00 Ancient of Lore
10:35 Ancient of Lore
12:59 Ancient of Lore
 
               
              
              
Eat.Shrooms (
teal | 87 APM | 1528 actions | 17:28)
              
 3 Pandaren Brewmaster 
 2 Breath of Fire
 1 Drunken Haze
 2 Death Knight 
 1 Death Coil
 1 Unholy Aura
 
                » actions 
                
                | Assign group hotkey | 35 |  | 
| Basic commands | 74 |  | 
| Build / train | 53 |  | 
| ESC pressed | 1 |  | 
| Enter build submenu | 24 |  | 
| Enter hero's abilities submenu | 7 |  | 
| Give item / drop item | 1 |  | 
| Right click | 525 |  | 
| Select / deselect | 328 |  | 
| Select group hotkey | 438 |  | 
| Use ability | 42 |  | 
                1528 total
 » units 
                
                | Acolyte | 2 |  | 
| Ghoul | 4 |  | 
| Crypt Fiend | 8 |  | 
| Frost Wyrm | 13 |  | 
                27 total
 » upgrades
                
                | Creature Attack | 3 |  | 
| Web | 1 |  | 
| Freezing Breath | 1 |  | 
                5 total
 » buildings
                
                | Graveyard | 1 |  | 
| Crypt | 1 |  | 
| Ziggurat | 10 |  | 
| Altar of Darkness | 1 |  | 
| Halls of the Dead | 2 |  | 
| Tomb of Relics | 1 |  | 
| Black Citadel | 1 |  | 
| Sacrificial Pit | 1 |  | 
| Nerubian Tower | 1 |  | 
| Boneyard | 3 |  | 
| Spirit Tower | 7 |  | 
                29 total
 » build order
                00:06 Graveyard
00:09 Crypt
00:11 Ziggurat
00:36 Altar of Darkness
00:57 Halls of the Dead
00:57 Halls of the Dead
01:33 Ziggurat
02:02 Tomb of Relics
02:22 Ziggurat
03:29 Black Citadel
03:34 Sacrificial Pit
03:52 Nerubian Tower
04:19 Ziggurat
05:52 Boneyard
05:53 Boneyard
05:55 Boneyard
05:58 Ziggurat
06:06 Ziggurat
13:39 Ziggurat
13:43 Ziggurat
13:51 Ziggurat
13:56 Ziggurat
14:37 Spirit Tower
14:53 Spirit Tower
15:11 Spirit Tower
15:12 Spirit Tower
16:58 Spirit Tower
16:59 Spirit Tower
16:59 Spirit Tower
 
               
              
              
Smoke.Crack (
blue | 54 APM | 751 actions | 13:56)
              
 2 Pandaren Brewmaster 
 1 Breath of Fire
 1 Drunken Haze
 
                » actions 
                
                | Assign group hotkey | 2 |  | 
| Build / train | 43 |  | 
| Enter build submenu | 14 |  | 
| Enter hero's abilities submenu | 2 |  | 
| Remove unit from queue | 1 |  | 
| Right click | 435 |  | 
| Select / deselect | 218 |  | 
| Select group hotkey | 2 |  | 
| Use ability | 34 |  | 
                751 total
 » units 
                » buildings
                
                | Moon Well | 4 |  | 
| Altar of Elders | 1 |  | 
| Hunter's Hall | 1 |  | 
| Ancient of War | 3 |  | 
| Tree of Life | 3 |  | 
| Ancient Protector | 1 |  | 
                13 total
 » build order
                00:12 Moon Well
00:20 Altar of Elders
01:28 Hunter's Hall
01:51 Ancient of War
02:08 Moon Well
02:34 Ancient of War
03:40 Ancient of War
03:54 Moon Well
04:24 Moon Well
06:44 Tree of Life
07:10 Tree of Life
09:23 Ancient Protector
12:53 Tree of Life
 
               
              
              
SnorT.CokE (
purple | 58 APM | 1022 actions | 17:32)
              
 3 Pandaren Brewmaster 
 2 Breath of Fire
 1 Drunken Haze
 2 Blademaster 
 1 Wind Walk
 1 Critical Strike
 
                » actions 
                
                | Assign group hotkey | 20 |  | 
| Basic commands | 9 |  | 
| Build / train | 35 |  | 
| Enter build submenu | 17 |  | 
| Enter hero's abilities submenu | 5 |  | 
| Right click | 654 |  | 
| Select / deselect | 213 |  | 
| Select group hotkey | 31 |  | 
| Use ability | 38 |  | 
                1022 total
 » units 
                » upgrades
                » buildings
                
                | Orc Burrow | 5 |  | 
| Altar of Storms | 1 |  | 
| Stronghold | 2 |  | 
| Voodoo Lounge | 1 |  | 
| War Mill | 1 |  | 
| Fortress | 1 |  | 
| Spirit Lodge | 1 |  | 
| Great Hall | 1 |  | 
| Tauren Totem | 2 |  | 
| Beastiary | 1 |  | 
                16 total
 » build order
                00:03 Orc Burrow
01:25 Altar of Storms
03:26 Stronghold
03:26 Stronghold
03:41 Voodoo Lounge
04:07 War Mill
05:33 Orc Burrow
05:50 Fortress
06:13 Spirit Lodge
06:54 Orc Burrow
07:56 Great Hall
08:14 Tauren Totem
08:27 Tauren Totem
08:33 Orc Burrow
11:24 Orc Burrow
13:08 Beastiary
» items
                
                | Healing Salve | 1 |  | 
| Lesser Clarity Potion | 1 |  | 
| Scroll of Speed | 1 |  | 
| Scroll of Town Portal | 1 |  | 
                4 total
  
                Chat log
          (00:09 / All) TIMG4STRok: you guys do illegal drugs.  ?
(00:16 / All) Smoke.Crack: smoke crack kids
(00:16 / All) SnorT.CokE: WHAT CANDY?
(00:18 / All) SnorT.CokE: I LOVE MONKEYS
(00:23 / All) Eat.Shrooms: WHAT U KNOW ABOUT EATING SHROOMS
(00:25 / All) Iceberg-Slim: ehehe
(00:27 / All) Iceberg-Slim: so random
(00:32 / All) Drop.Acid: is it illegal ._.
(00:39 / All) Smoke.Crack: dont do drugs kids
(00:44 / All) TALONSAREIMBA: who r u
(00:53 / All) Eat.Shrooms: WHO R U
(01:03 / All) Smoke.Crack: akas?
(01:08 / All) TALONSAREIMBA: protonxx
(01:08 / All) Eat.Shrooms: RANDOM GOSUS?
(01:11 / All) SnorT.CokE: im soccerchrissomething
(01:11 / All) Eat.Shrooms: LOL
(01:12 / All) Smoke.Crack: rofl
(01:20 / All) Smoke.Crack: third time in like 3 days man
(01:21 / All) Eat.Shrooms: ur not proton
(01:23 / All) Eat.Shrooms: andi f uare
(01:26 / All) Eat.Shrooms: we > u
(01:27 / All) Eat.Shrooms: before
(01:54 / All) Eat.Shrooms: my name is soccerchris
(01:56 / All) Smoke.Crack: if u rlly are proton
(01:57 / All) Smoke.Crack: whyd u leave
(02:01 / All) Smoke.Crack: so early
(02:02 / All) SnorT.CokE: im oomonkeyoo
(02:14 / All) Smoke.Crack: last game
(02:23 / All) Eat.Shrooms: yeah
(02:26 / All) Eat.Shrooms: why pull plug
(03:08 / All) Eat.Shrooms: ew
(03:10 / All) Eat.Shrooms: def not proton
(03:22 / All) TUJD.HK-D): steal my strat more and do it wrong rofle
(03:41 / All) Eat.Shrooms: NO KOTG
(03:42 / All) Eat.Shrooms: NO
(03:49 / All) Eat.Shrooms: LET ME RUN
(04:13 / All) Smoke.Crack: WOH MOVED MY WISP
(04:19 / All) SnorT.CokE: SRY
(04:55 / All) TALONSAREIMBA: clowntress
(04:59 / All) TALONSAREIMBA: patented by corruptedevil
(05:01 / All) Eat.Shrooms: NO
(05:05 / All) Smoke.Crack: rofl no
(05:06 / All) SnorT.CokE: NOPE
(05:10 / All) Smoke.Crack: u wernt even in p4k
(05:12 / All) Smoke.Crack: go home
(05:15 / All) TALONSAREIMBA: p4k didn't make
(05:16 / All) TALONSAREIMBA: clowntress
(05:17 / All) TALONSAREIMBA: moron
(05:18 / All) TUJD.HK-D): lul
(05:20 / All) TALONSAREIMBA: wow.
(05:23 / All) TIMG4STRok: p4k was the gayest clan sorry
(05:24 / All) SnorT.CokE: ITS ACTUALLY CALL Asian Panda Strat
(05:28 / All) TUJD.HK-D): lol
(05:38 / All) Eat.Shrooms: LOL OWNE
(07:11 / All) Eat.Shrooms: rofl
(08:36 / All) Smoke.Crack: yea i dont micor
(08:37 / All) Smoke.Crack: so waht
(08:45 / All) TIMG4STRok: no shit you're bad
(08:50 / All) Eat.Shrooms: YELLOW
(08:51 / All) Eat.Shrooms: NO TALK
(10:31 / All) TALONSAREIMBA: ahahahahah
(10:47 / All) TALONSAREIMBA: jesus christ
(10:48 / All) Eat.Shrooms: HUGE Lag
(10:58 / All) TALONSAREIMBA: "lag"
(11:17 / All) TALONSAREIMBA: dam who r u kids
(11:20 / All) TALONSAREIMBA: Stop ripping clowntress
(11:22 / All) TALONSAREIMBA: for god sakes
(11:33 / All) SnorT.CokE: ITS CALL THE ASAIN PANDA STRAT
(11:34 / All) Smoke.Crack: hey proton imposter
(11:41 / All) Smoke.Crack: where were u when we reaped u like 3 times
(11:42 / All) TALONSAREIMBA: I am proton
(11:44 / All) Smoke.Crack: legitly?
(11:48 / All) Smoke.Crack: well congraulations
(11:49 / All) Smoke.Crack: ur now
(11:53 / All) Smoke.Crack: 4-20 vs me carrear
(12:07 / All) Smoke.Crack: im not kidding at all
(12:08 / All) TALONSAREIMBA: "CAREAR"
(12:57 / All) TALONSAREIMBA: dam kidz
(13:02 / All) TALONSAREIMBA: gay asian pands strat
(13:04 / All) Smoke.Crack: damn 50 year old
(13:07 / All) Iceberg-Slim: bow
(13:08 / All) Smoke.Crack: who plays 5 times as many games in a day
(13:10 / All) TALONSAREIMBA: so good
(13:11 / All) Smoke.Crack: as i ever would
(13:13 / All) Iceberg-Slim: bow
(13:13 / All) Iceberg-Slim: bow
(13:14 / All) Iceberg-Slim: bow
(13:29 / All) Iceberg-Slim: gimmicks get owned wow big surprise
(13:31 / All) Smoke.Crack: id take 3 wins 1 loss over 1 win 3 loss anyday
(13:36 / All) TALONSAREIMBA: "right"
(13:37 / All) Iceberg-Slim: bow
(13:40 / All) TALONSAREIMBA: u blow kid
(13:44 / All) Iceberg-Slim: ironically we are 3-0 now hoho
(13:53 / All) Smoke.Crack: go home noob
(13:56 / All) Iceberg-Slim: bow
(14:01 / All) TALONSAREIMBA: lol smoke.crack
(14:02 / All) TALONSAREIMBA: ahahahha
(14:04 / All) TIMG4STRok: 1v1
(14:04 / All) TALONSAREIMBA: virgin.4life
(14:07 / All) TIMG4STRok: nice dodge
(17:05 / All) TALONSAREIMBA: bow
(17:06 / All) TALONSAREIMBA: pow
(17:31 / All) TALONSAREIMBA: Leave